 Dungeon Crawl Stone Soup version 0.23.2-1-ga50397a (webtiles) character file.

Game seed: 11994705478261155358

52 sankara the Ruffian (level 3, -3/31 HPs)
             Began as a Troll Earth Elementalist on Apr 20, 2019.
             Slain by Grinder (6 damage)
             ... on level 3 of the Dungeon on Apr 21, 2019.
             The game lasted 00:21:54 (1572 turns).

sankara the Ruffian (Troll Earth Elementalist)      Turns: 1572, Time: 00:21:55

Health: -3/31      AC: 10    Str: 16    XL:     3   Next: 60%
Magic:  3/3        EV: 10    Int: 12    God:
Gold:   86         SH:  0    Dex: 10    Spells: 1/4 levels left

rFire    . . .     SeeInvis .     - Unarmed
rCold    . . .     Gourm    +   (no shield)
rNeg     . . .     Faith    .   c - +1 robe
rPois    .         Spirit   .   (helmet restricted)
rElec    .         Reflect  .   (no cloak)
rCorr    +         Harm     .   (gloves unavailable)
MR       .....                  (boots unavailable)
Stlth    +.........             (no amulet)
HPRegen  0.50/turn              k - ring of resist corrosion
MPRegen  0.08/turn              e - +3 ring of protection

@: about to teleport
A: large, unfitting armour, claws 3, fast metabolism 3, gourmand, regeneration
1, shaggy fur 1, tough skin 3
a: no special abilities


You were on level 3 of the Dungeon.
You were not hungry.

You visited 1 branch of the dungeon, and saw 3 of its levels.

You collected 86 gold pieces.

Inventory:

Hand Weapons
 b - a +1 hunting sling of velocity
   (You took it off a goblin on level 2 of the Dungeon)
Missiles
 o - 94 sling bullets
 t - 45 stones (quivered)
Armour
 c - a +1 robe (worn)
Jewellery
 a - an uncursed ring of ice {rC+, rF-}
   (You found it on level 2 of the Dungeon)
 e - a +3 ring of protection (right claw)
   (You found it on level 2 of the Dungeon)
 f - an uncursed ring of flight {+Fly, !d}
   (You found it on level 3 of the Dungeon)
 k - a ring of resist corrosion (left claw)
   (You found it on level 1 of the Dungeon)
Scrolls
 h - 3 scrolls of identify
 v - a scroll of enchant armour
Potions
 j - 2 potions of flight {unknown}
 r - a potion of degeneration {!q}
 u - a potion of invisibility {unknown}
 w - 2 potions of curing
Comestibles
 d - 7 rations


   Skills:
 - Level 1.5 Dodging
 - Level 1.0 Stealth
 * Level 3.3 Unarmed Combat
 - Level 1.2 Spellcasting
 - Level 0.6 Transmutations
 - Level 2.6 Earth Magic


You had one spell level left.
You knew the following spells:

 Your Spells              Type           Power        Failure   Level  Hunger
a - Sandblast             Erth           #.....       10%         1    ##.....
b - Passwall              Tmut/Erth      #.......     22%         2    ###....

Your spell library contained the following spells:

 Spells                   Type           Power        Failure   Level  Hunger
 Stone Arrow              Conj/Erth      #.....       45%         3    ####...
 Petrify                  Tmut/Erth      #.......     83%         4    #####..
 Lee's Rapid Deconstruct  Erth           #.........   95%         5    ######.


Dungeon Overview and Level Annotations

Branches:
Dungeon (3/15)

Altars:
Yredelemnul

Annotations:
D:3 Grinder


Innate Abilities, Weirdness & Mutations

You are too large for most types of armour.
You have claws for hands.
Your metabolism is lightning-fast.
You like to eat raw meat.
Your natural rate of healing is unusually fast.
You are covered in fur. (AC +1)
You have extremely tough skin. (AC +3)


Message History

You claw the orc!
You kill the orc!
The frilled lizard bites you but does no damage.
You scratch the frilled lizard.
You kill the frilled lizard!
No target in view!
No target in view!
No target in view!
No target in view!
No target in view!
You see here a frilled lizard corpse.
You butcher the frilled lizard corpse.
f - a chunk of flesh {@w0} You see here a frilled lizard skeleton.
You see here a +0 dagger.
Eating a chunk of flesh {@w0}.
You eat the chunk of flesh {@w0}.
This raw flesh tastes great.
h - 4 scrolls labeled KONEMINOEH (gained 1)
There is a stone staircase leading up here.
You see here 16 poisoned needles.
f - a scratched ruby ring Put on which piece of jewellery? (? for menu, Esc to quit)
You're wearing all the rings you can.
Remove which one? (? for menu, Esc to cancel) < or
k - a ring of resist corrosion; > or
e - a +3 ring of protection You remove your ring of resist corrosion.
f - a ring of flight (left claw) Put on which piece of jewellery? (? for menu, Esc to quit)
You're wearing all the rings you can.
Remove which one? (? for menu, Esc to cancel) < or
f - a ring of flight {+Fly, !d}; > or
e - a +3 ring of protection You remove your ring of flight {+Fly, !d}.
k - a ring of resist corrosion (left claw)
You see here 16 poisoned needles.
Found a stone staircase leading up.
You now have 74 gold pieces (gained 7).
Found a stone staircase leading up.
There is a stone staircase leading up here.
d - 7 rations (gained 1)
You now have 86 gold pieces (gained 12).
A hobgoblin comes into view.
A hobgoblin is nearby!
The hobgoblin shouts!
The hobgoblin completely misses you.
You scratch the hobgoblin.
The hobgoblin is moderately wounded.
Grinder comes into view.
The hobgoblin barely misses you.
Grinder shouts!
You claw the hobgoblin!
You kill the hobgoblin!
Grinder gestures at you. Pain shoots through your body!
You are too injured to fight recklessly!
You are too injured to fight recklessly!
You are too injured to fight recklessly!
You aren't carrying any items that you can evoke.
As you read the scroll labeled KONEMINOEH, it crumbles to dust.
It is a scroll of identify.
r - a potion of degeneration Grinder gestures at you.
Pain shoots through your body!
As you read the scroll labeled QIDUCA DODGH, it crumbles to dust.
It is a scroll of enchant armour.
Your +0 robe glows green for a moment.
Grinder gestures at you.
You suddenly lose the ability to move!
Grinder hits you but does no damage.
You can move again.
As you read the scroll labeled FYADEVEHYR, it crumbles to dust.
You assume a fearsome visage.
Grinder is unaffected.
It was a scroll of fear.
Grinder hits you.
You writhe in agony.
It was a potion of curing.
You feel better. Grinder barely misses you.
You are too injured to fight recklessly!
You claw Grinder!
Grinder is moderately wounded.
Grinder gestures at you. You resist with significant effort.
You scratch Grinder.
Grinder is moderately wounded.
Grinder grins, showing sharp teeth.
Grinder gestures at you.
You shrug off the repeated paralysis!
You closely miss Grinder.
Grinder is moderately wounded.
Grinder gestures at you.
You suddenly lose the ability to move!
Grinder hits you.
You writhe in agony.
Grinder hits you!
You writhe in agony.
Grinder hits you!
* * * LOW HITPOINT WARNING * * *
Grinder hits you but does no damage. x2
You can move again.
As you read the scroll labeled UCURYIW YNLI, it crumbles to dust.
You feel aware of your surroundings.
It was a scroll of magic mapping.
Grinder hits you but does no damage.
As you read the scroll labeled YMPEMO LEYMOID, it crumbles to dust.
You feel strangely unstable.
It was a scroll of teleportation.
Grinder hits you.
You die...

*,**,,,,**,**,,,,,*** *,
*,,,,,,,**,**,,,,,,**###**#
***,,##***,***##,,,,.#..,,,
**,..,,,,,,..,,,,,,...**#
*##.,****,.##*****,#.###
**##..,* *...,* *,,#....
*,,...** *#.#*,* **,*#....
****,*##.####5.#*,***,,*#....
****,,,,*#.....@†#**,,**,**#...(
*,,,,****#...##### **,,*,* #####
****** ###.#######**,,,*
#.......##****#######
###.#....######......
#......<..##...####
###....##..<..## #.........###
#....######


You could see Grinder.

Vanquished Creatures
  2 adders
  2 leopard geckos
  An orc (D:3)
  7 bats
  A giant cockroach (D:1)
  4 goblins
  3 hobgoblins
  A ball python (D:2)
  2 frilled lizards
  2 kobolds
  8 rats
  A spectral orc (D:2)
34 creatures vanquished.

Notes
Turn   | Place    | Note
-------+----------+-------------------------------------------
     0 | D:1      | sankara the Troll Earth Elementalist began the quest for
                  | the Orb.
     0 | D:1      | Reached XP level 1. HP: 16/16 MP: 1/1
    80 | D:1      | Reached skill level 1 in Unarmed Combat
   183 | D:1      | Reached XP level 2. HP: 24/24 MP: 2/2
   187 | D:1      | Learned a level 2 spell: Passwall
   693 | D:2      | Reached skill level 2 in Unarmed Combat
   890 | D:2      | Reached XP level 3. HP: 31/31 MP: 3/3
  1115 | D:2      | Reached skill level 3 in Unarmed Combat
  1439 | D:2      | Found a basalt altar of Yredelemnul.
  1552 | D:3      | Noticed Grinder
  1555 | D:3      | Paralysed by Grinder for 6 turns
  1565 | D:3      | Paralysed by Grinder for 6 turns
  1568 | D:3      | HP: 1/31 [Grinder (10)]
  1572 | D:3      | Slain by Grinder

Skill      XL: |  1  2  3 |
---------------+----------+-----
Unarmed Combat | 1 2 3 |  3.3
Dodging        | |  1.5
Stealth        | |  1.0
Spellcasting   | |  1.2
Transmutations | |  0.6
Earth Magic    | |  2.6

Action                   || total
-------------------------++-------
Melee: Unarmed           ||    86
Throw: Stone             ||     2
 Cast: Sandblast         ||     4
  Use: Scroll            ||     5
       Potion            ||     1
 Stab: Sleeping          ||     2
  Eat: Chunk             ||    12
Armor: Robe              ||    49
Dodge: Dodged            ||    50

Levels and vault maps discovered:
D:1:      dpeg_arrival_tiny_a, layout_loops_cross
D:2:      layout_basic, yredelemnul_forgotten_temple_becter
D:3:      layout_rooms, minmay_misc_feat_tower, uniq_grinder

Table legend:
 A = Turns spent in this place as a percentage of turns spent in the entire game.
 B = Non-inter-level travel turns spent in this place as a percentage of non-inter-level travel turns spent in the entire game.
 C = Inter-level travel turns spent in this place as a percentage of turns spent in this place.
 D = Turns resting spent in this place as a percentage of non-inter-level travel turns spent in this place.
 E = Turns spent auto-exploring this place as a percentage of non-inter-level travel turns spent in this place.
 F = Non-inter-level travel turns spent in this place divided by the number of levels of this place that you've seen.
                   A       B       C       D       E      F
               +-------+-------+-------+-------+-------+----------------------
         Total | 100.0 | 100.0 |   3.0 |   0.0 |  79.0 | 508.3
       Dungeon | 100.0 | 100.0 |   3.0 |   0.0 |  79.0 | 508.3
               +-------+-------+-------+-------+-------+----------------------

Table legend:
 A = Kills in this place as a percentage of kills in entire the game.
 B = Kills by you in this place as a percentage of kills by you in the entire game.
 C = Kills by friends in this place as a percentage of kills by friends in the entire game.
 D = Other kills in this place as a percentage of other kills in the entire game.
 E = Experience gained in this place as a percentage of experience gained in the entire game.
 F = Experience gained in this place divided by the number of levels of this place that you have seen.
                   A       B       C       D       E      F
               +-------+-------+-------+-------+-------+----------------------
         Total | 100.0 | 100.0 |   N/A |   N/A | 100.0 |  25.0
       Dungeon | 100.0 | 100.0 |   N/A |   N/A | 100.0 |  25.0
               +-------+-------+-------+-------+-------+----------------------
